 Dungeon Crawl Stone Soup version 0.31.0-11-ge490571c62 (webtiles) character file.

Game seed: 14615699975205270816

53 RancidPinata the Sneak (level 3, 0/24 HPs)
             Began as a Gargoyle Delver on Feb 4, 2024.
             Slain by an orc wizard
             ... wielding a +0 dagger
              (1 damage)
             ... on level 3 of the Dungeon.
             The game lasted 00:06:02 (2041 turns).

RancidPinata the Sneak (Gargoyle Delver)            Turns: 2041, Time: 00:06:02

Health: 0/24       AC:  8    Str: 17    XL:     3   Next: 87%
Magic:  3/3        EV: 11    Int: 10    God:
Gold:   102        SH:  0    Dex: 11    Spells: 2/2 levels left

rFire   . . .        a - +0 short sword
rCold   . . .        (no shield)
rNeg    + . .        k - +0 ring mail
rPois   ∞            j - +0 hat
rElec   +            (no cloak)
rCorr   .            (no gloves)
SInv    .            (no boots)
Will    .....        (no amulet)
Stlth   ++           (no ring)
HPRegen 0.24/turn    (no ring)
MPRegen 0.08/turn

%: no passive effects
@: hasted, very quick
A: sickness immunity, AC +3, negative energy resistance 1, electricity
resistance, torment resistance 1, petrification resistance
a: no special abilities


You were on level 3 of the Dungeon.
You visited 1 branch of the dungeon, and saw 6 of its levels.

You collected 102 gold pieces.

Inventory:

Hand Weapons
 a - a +0 short sword (weapon)
 v - a +2 hand axe of venom
Missiles
 i - 32 stones (quivered)
 m - 2 poisoned darts
 s - 4 boomerangs
Armour
 j - a +0 hat (worn)
 k - a +0 ring mail (worn)
Jewellery
 r - an amulet of faith
Wands
 g - a wand of digging (3)
 x - a wand of flame (13)
Scrolls
 b - a scroll of noise {unknown}
 c - a scroll of fog
 d - a scroll of revelation
 e - a scroll of fear
 p - 2 scrolls of immolation {unknown}
 t - a scroll of teleportation {unknown}
 u - a scroll of enchant armour {unknown}
 w - a scroll of identify {unknown}
 y - a scroll of poison {unknown}
Potions
 f - 2 potions of haste
 h - 2 potions of brilliance {unknown}
 l - a potion of attraction {unknown}
 n - a potion of cancellation {unknown}
 o - a potion of curing {unknown}
 q - a potion of ambrosia {unknown}


   Skills:
 * Level 3.9 Fighting
 + Level 2.0 Short Blades
 * Level 1.7 Armour
 + Level 1.8 Dodging
 * Level 5.9 Stealth


You had 2 spell levels left.
You didn't know any spells.
Your spell library was empty.

Dungeon Overview and Level Annotations

Branches:
Dungeon (6/15)
 Temple: D:4-7

Altars:
Xom


Innate Abilities, Weirdness & Mutations

You are immune to sickness and miasma.
Your stone body is resilient. (AC +3)
You are immune to poison.
You resist negative energy. (rN+)
You are resistant to electric shocks. (rElec)
You are resistant to unholy torment.
You are immune to petrification.


Message History

The magic dart hits you.
You hit the orc.
The orc is severely wounded.
The orc closely misses you.
You hit the orc but do no damage.
The orc is severely wounded.
The orc wizard mumbles some strange words.
The orc wizard flickers and vanishes!
Deactivating autopickup; reactivate with Ctrl-A.
You hit the orc.
The orc is almost dead.
You hit the orc.
You kill the orc!
You hit the giant cockroach.
The giant cockroach is moderately wounded.
The giant cockroach bites you.
You hit the giant cockroach but do no damage.
The giant cockroach is moderately wounded.
The giant cockroach closely misses you.
You barely miss the giant cockroach.
The giant cockroach is moderately wounded.
The giant cockroach misses you.
You hit the giant cockroach.
You kill the giant cockroach!
The orc hits you but does no damage. The orc hits you with a +0 short sword.
You hear some strange, mumbled words.
A puff of flame appears from out of thin air!
The puff of flame hits you!
Items here: ) [ ††.
You miss something. The orc hits you with a +0 club.
* * * LOW HITPOINT WARNING * * *
The orc hits you but does no damage. Something hits you.
* * * LOW HITPOINT WARNING * * *
You hit the orc but do no damage.
You feel yourself speed up.
You barely miss something. Something hits you.
* * * LOW HITPOINT WARNING * * *
You hit something but do no damage. You barely miss something.
Something hits you.
You die...

..######.#
##.######..........#
.........###..#
#..........#
#####<..##...##
#..........#
......#.##.###
############
#..####....# .......
##.........# .......
#..#######.#####
....... ..##
#.....###o...... ###
##.....@{o...... #
#..######....... #
#.## ....... ###
####÷# .......
..#####....# .......
#.........## .......
#######.#.#######
###.###
#######.#.÷.....##
..
....##..#######..#


You could see 2 orcs.

Vanquished Creatures
  A ribbon worm (D:2)
  An orc (D:3)
  6 ball pythons
  2 endoplasms (D:2)
  3 giant cockroaches
  2 goblins (D:1)
  4 hobgoblins
  4 jackals (D:3)
  4 kobolds
  3 quokkas
  4 bats
  5 frilled lizards
  6 rats
45 creatures vanquished.

Notes
Turn   | Place    | Note
-------+----------+-------------------------------------------
     0 | D:5      | RancidPinata the Gargoyle Delver began the quest for the
                  | Orb.
     0 | D:5      | Reached XP level 1. HP: 14/14 MP: 1/1
    47 | D:4      | Found a shimmering altar of Xom.
   322 | D:1      | Reached XP level 2. HP: 19/19 MP: 2/2
   526 | D:1      | Reached skill level 1 in Armour
   831 | D:2      | Reached XP level 3. HP: 20/24 MP: 3/3
  2035 | D:3      | HP: 1/24 [something (3)]
  2041 | D:3      | Slain by an orc wizard

Illustrated notes

Levels and vault maps discovered:
D:1:      dpeg_arrival_solitude, layout_rooms, st_stairs_13, minmay_octomino_c4
D:2:      layout_loops_ring, serial_bayou_lagoon_b
D:3:      layout_rooms, minmay_statues_item, serial_park_tiny_1,
          nicolae_figureground_sparkle
D:4:      layout_gridville, mainiacjoe_overflow_boulevard,
          mainiacjoe_overflow_small_starburst,
          serial_library_hellmonk_double_dead_end
D:5:      layout_basic, mainiacjoe_overflow_alcove_2, mainiacjoe_overflow_paths,
          minmay_temple_entry_large_hall, uniq_pikel, uniq_menkaure
D:6:      layout_loops_corners, old_standard_altar,
          nicolae_dithmenos_through_a_glass_darkly, minmay_crystal_water,
          st_stairs_2

Skill      XL: |  1  2  3 |
---------------+----------+-----
Armour         | 1 |  1.7
Short Blades   | 2 |  2.0
Fighting       | |  3.9
Dodging        | |  1.8
Stealth        | |  5.9

Action                     || total
---------------------------++-------
  Melee: Short sword       ||   214
    Use: Potion            ||     1
   Stab: Sleeping          ||     6
         Distracted        ||     1
 Armour: Ring mail         ||   134
  Dodge: Dodged            ||    91
